 Dungeon Crawl Stone Soup version 0.17-a0-1979-g1c74939 (webtiles) character file.

93 tp1 the Cudgeler (level 4, -8/29 HPs)
             Began as a Gargoyle Berserker on Oct 5, 2015.
             Was a Believer of Trog.
             Mangled by an ogre
             ... wielding a cursed -3 giant club
              (22 damage)
             ... on level 4 of the Dungeon.
             The game lasted 00:11:35 (2558 turns).

tp1 the Cudgeler (Gargoyle Berserker)               Turns: 2558, Time: 00:11:36

Health: -8/29      AC: 12    Str: 22    XL:     4   Next: 62%
Magic:  4/4        EV:  8    Int:  7    God:    Trog [**....]
Gold:   149        SH:  0    Dex:  9    Spells: 0 memorised, 3 levels left

rFire  . . .     SeeInvis .     v - +0 war axe
rCold  . . .     Clarity  .     l - +0 chain mail
rNeg   + . .     SustAt   .     (no shield)
rPois  ∞         Gourm    .     (no helmet)
rElec  +         Spirit   .     (no cloak)
rCorr  .         Warding  .     (no gloves)
rMut   .         Rnd*Tele +     (no boots)
MR     .....                    (no amulet)
Stlth  ..........               e - ring of loudness
                                w - ring of teleportation

@: not resistant to hostile enchantments, extremely unstealthy
A: negative energy resistance 1, electricity resistance, unbreathing,
petrification resistance, rot immunity, AC +3
a: Burn Spellbooks, Berserk, Trog's Hand, Renounce Religion, Evoke Teleportation


You were on level 4 of the Dungeon.
You worshipped Trog.
Trog was pleased with you.
You were not hungry.

You visited 1 branch of the dungeon, and saw 4 of its levels.

You collected 149 gold pieces.

Inventory:

Hand Weapons
 v - a +0 war axe (weapon)
Armour
 a - a +0 ring mail
 b - a +0 animal skin
 l - a +0 chain mail (worn)
Jewellery
 e - a ring of loudness (right hand)
 w - a ring of teleportation (left hand)
Wands
 x - a wand of magic darts (12)
Scrolls
 d - a scroll of remove curse
 f - 2 scrolls of teleportation {unknown}
 h - 2 scrolls of enchant weapon {unknown}
 i - a scroll of recharging {unknown}
 j - 4 scrolls of identify {unknown}
 k - 4 scrolls of blinking {unknown}
 p - a scroll of magic mapping {unknown}
Potions
 g - 2 potions of degeneration {unknown}
 n - a potion of experience {unknown}
 q - a potion of beneficial mutation {unknown}
 r - a potion of haste {unknown}
 s - 2 potions of poison {unknown}
 u - a potion of curing {unknown}
Comestibles
 c - 3 bread rations
 m - a royal jelly


   Skills:
 + Level 3.7 Fighting
 + Level 1.0(2.7) Axes
   Level 4.5(4.6) Maces & Flails
 + Level 2.5 Armour
 - Level 1.5 Dodging


You had 3 spell levels left.
You didn't know any spells.

Dungeon Overview and Level Annotations

Branches:
Dungeon (4/15)
 Temple: D:4-7

Altars:


Innate Abilities, Weirdness & Mutations

You are resistant to torment.
Your stone body is resilient (AC +3).
You are immune to poison.
You resist negative energy.
You are resistant to electric shocks.
You can survive without breathing.
You are immune to petrification.
You are immune to rotting.


Message History

The ogre shouts!
You see here 10 gold pieces.
The ogre closely misses you.
You slash the ogre!
The ogre is moderately wounded.
The ogre barely misses you.
You slash the ogre!
The ogre is heavily wounded.
The ogre completely misses you.
You closely miss the ogre.
The ogre is heavily wounded.
The ogre hits you with a giant club!
You hit the ogre.
The ogre is severely wounded.
The ogre hits you with a giant club.
You closely miss the ogre.
The ogre is severely wounded.
The ogre hits you with a giant club!!
Ouch! That really hurt!
You die...

#.............# .
#.......##...#...
..##.......######
..! ............#
##
#+#####........#
#....##........#
...............#
...............#
......O@.......#
.....##..$.##.##
.... #....# ## .
........#
..........#
#+###.....#
#.....# #....##
######


You could see an ogre.

Vanquished Creatures
  3 adders
  An ooze (D:1)
  A worm (D:2)
  A giant gecko (D:1)
  4 orcs (D:3)
  6 goblins
  7 hobgoblins
  4 jackals (D:3)
  A ball python (D:3)
  12 bats
  4 giant cockroaches
  2 giant newts (D:1)
  4 kobolds
  3 rats (D:2)
53 creatures vanquished.

Notes
Turn   | Place    | Note
--------------------------------------------------------------
     0 | D:1      | tp1 the Gargoyle Berserker began the quest for the Orb.
     0 | D:1      | Reached XP level 1. HP: 14/14 MP: 1/1
   165 | D:1      | Reached XP level 2. HP: 17/19 MP: 2/2
   543 | D:1      | Acquired Trog's second power
   545 | D:1      | Reached skill level 4 in Maces & Flails
   753 | D:1      | Reached XP level 3. HP: 18/23 MP: 3/3
  1740 | D:3      | Reached XP level 4. HP: 25/28 MP: 4/4
  1903 | D:3      | Reached skill level 1 in Axes
  2549 | D:4      | Noticed an ogre
  2558 | D:4      | Mangled by an ogre

Vault maps used:
D:1:      shiori_arrival_oz
D:3:      kennysheep_cross_bottleneck
D:4:      kennysheep_generic_room_9

Action                   |  1- 3 |  4- 6 || total
-------------------------+-------+-------++-------
Melee: Mace              |    19 |       ||    19
       Hand axe          |    90 |    57 ||   147
       War axe           |       |    19 ||    19
  Use: Scroll            |       |     2 ||     2
 Stab: Sleeping          |     1 |       ||     1
  Eat: Chunk             |     3 |     2 ||     5
